 Dungeon Crawl Stone Soup version 0.18.0-1-g0107ab7 (webtiles) character file.

56 Icer the Insei (level 3, -1/24 HPs)
             Began as an Octopode Transmuter on May 5, 2016.
             Slain by a gnoll
             ... wielding a +0 spear
              (4 damage)
             ... on level 2 of the Dungeon.
             The game lasted 00:02:56 (1652 turns).

Icer the Insei (Octopode Transmuter)                Turns: 1652, Time: 00:02:57

Health: -1/24      AC:  1    Str:  9    XL:     3   Next: 97%
Magic:  6/6        EV: 12    Int: 15    God:
Gold:   52         SH:  0    Dex: 13    Spells: 1 memorised, 5 levels left

rFire  . . .     SeeInvis .       - Unarmed
rCold  . . .     Gourm    .     (no shield)
rNeg   . . .     Faith    .     (helmet restricted)
rPois  .         Spirit   .     (no amulet)
rElec  .         Dismiss  .     (no ring)
rCorr  .         Reflect  .     (no ring)
SustAt .         Harm     .     (no ring)
MR     .....                    (no ring)
Stlth  +++.......               (no ring)
                                (no ring)
                                (no ring)
                                (no ring)

@: not resistant to hostile enchantments, fairly stealthy
A: almost no armour, amphibious, 8 rings, constrict 8, camouflage 1, gelatinous
body 1
a: no special abilities


You were on level 2 of the Dungeon.
You were not hungry.

You visited 1 branch of the dungeon, and saw 2 of its levels.

You collected 52 gold pieces.

Inventory:

Missiles
 a - 12 arrows
Scrolls
 c - a scroll of fog {unknown}
 f - a scroll of fear {unknown}
 g - a scroll of magic mapping {unknown}
 i - 4 scrolls of enchant armour {unknown}
 j - a scroll of identify {unknown}
Potions
 d - a potion of resistance {unknown}
 e - a potion of invisibility {unknown}
 h - a potion of brilliance {unknown}
Books
 b - a book of Changes

   Spells                             Type                      Level
   a - Beastly Appendage              Transmutation                1
   b - Sticks to Snakes               Transmutation                2
   c - Spider Form                    Transmutation/Poison         3
   d - Ice Form                       Ice/Transmutation            4
   e - Blade Hands                    Transmutation                5


   Skills:
 + Level 2.0 Fighting
 + Level 2.4 Dodging
 + Level 1.5 Stealth
 + Level 3.6 Unarmed Combat
 + Level 2.1 Spellcasting
 + Level 2.1 Transmutations


You had 5 spell levels left.
You knew the following spells:

 Your Spells              Type           Power        Failure   Level  Hunger
a - Beastly Appendage     Trmt           #.....       12%         1    #......


Dungeon Overview and Level Annotations

Branches:
Dungeon (2/15)

Altars:


Innate Abilities, Weirdness & Mutations

You cannot wear most types of armour.
You are amphibious.
You can wear up to eight rings at the same time.
You can use your tentacles to constrict eight enemies at once.
Your skin changes colour to match your surroundings (Stealth).
Your rubbery body absorbs attacks (AC +1).


Message History

You completely miss the gnoll. Your grab misses the gnoll.
You squeeze the gnoll!
You kill the gnoll!
Your Fighting skill increases to level 2!
You start resting.
The gnoll shouts! x2
You tentacle-slap the gnoll but do no damage.
You grab the gnoll. You constrict the gnoll. The gnoll hits you.
You tentacle-slap the gnoll.
The gnoll is moderately wounded.
You constrict the gnoll. The gnoll closely misses you.
You tentacle-slap the gnoll.
The gnoll is heavily wounded.
You constrict the gnoll. The gnoll hits you.
You tentacle-slap the gnoll.
The gnoll is severely wounded.
You constrict the gnoll. The gnoll hits you!
* * * LOW HITPOINT WARNING * * *
The gnoll hits you from afar with a spear.
You die...

############
#........... ########
####.........g.
#.......
...$........g.g
#.......
#...........g
#.......
#............
#.......
#...gg#######
#....... #####g#
#....... ####@#######
#.......
#..........###.......
#....................
#....................
#..................##
#..................#
#..................#
#..................#
#.............†....#


You could see 3 gnolls.

Vanquished Creatures
  A gnoll (D:2)
  An adder (D:2)
  An ooze (D:2)
  A worm (D:2)
  A dart slug (D:2)
  A giant gecko (D:2)
  3 bats (D:1)
  4 giant cockroaches
  3 goblins
  3 hobgoblins (D:1)
  5 kobolds
  2 rats (D:2)
26 creatures vanquished.

Notes
Turn   | Place    | Note
--------------------------------------------------------------
     0 | D:1      | Icer the Octopode Transmuter began the quest for the Orb.
     0 | D:1      | Reached XP level 1. HP: 13/13 MP: 3/3
   404 | D:1      | Reached XP level 2. HP: 18/18 MP: 5/5
   865 | D:2      | Reached XP level 3. HP: 8/23 MP: 6/6
  1190 | D:2      | Reached skill level 1 in Stealth
  1652 | D:2      | Slain by a gnoll

Skill      XL: |  1  2  3 |
---------------+----------+-----
Stealth        | 1 |  1.5
Fighting       | 2 |  2.0
Dodging        | |  2.4
Unarmed Combat | |  3.6
Spellcasting   | |  2.1
Transmutations | |  2.1

Action                   || total
-------------------------++-------
Melee: Unarmed           ||    70
       Constrict         ||    17
       Tentacles         ||    14
 Stab: Sleeping          ||     5
  Eat: Bread ration      ||     1
Armor: Skin              ||     2
Dodge: Dodged            ||    29
